 Dungeon Crawl Stone Soup version 0.32-a0-898-g7811c86cf0 (webtiles) character file.

Game seed: 13530040856566805767

1595 Doorstop00 the Cleaver (level 8, -1/105 HPs)
             Began as a Minotaur Berserker on Apr 4, 2024.
             Was a Priest of Trog.
             Succumbed to a killer bee's poison
             ... on level 5 of the Dungeon.
             The game lasted 00:15:28 (3462 turns).

Doorstop00 the Cleaver (Minotaur Berserker)         Turns: 3462, Time: 00:15:29

Health: -1/105     AC: 13    Str: 22    XL:     8   Next: 62%
Magic:  2/2        EV:  8    Int:  9    God:    Trog [***...]
Gold:   185        SH:  0    Dex: 10    Spells: 7/7 levels left

rFire   . . .        r - +7 hammer "Hellblazer" {antimagic, Will+ rCorr Int+3}
rCold   . . .        (no shield)
rNeg    . . .        h - +0 chain mail
rPois   .            (helmet restricted)
rElec   .            b - +0 cloak
rCorr   +            (no gloves)
SInv    .            q - +0 pair of boots
Will    +....        i - amulet of regeneration Stlth
                     (no ring)
HPRegen 1.17/turn    (no ring)
MPRegen 0.08/turn

%: no passive effects
@: berserking, lethally poisoned (-1 -> -8), very quick
A: horns 2, retaliatory headbutt
a: Renounce Religion, Berserk, Trog's Hand


You were on level 5 of the Dungeon.
You worshipped Trog.
Trog was most pleased with you.
You visited 1 branch of the dungeon, and saw 6 of its levels.

You collected 185 gold pieces.

Inventory:

Hand Weapons
 l - a +0 war axe
 r - the +7 hammer "Hellblazer" (weapon) {antimagic, Will+ rCorr Int+3}
   (You found it on level 5 of the Dungeon)

   Int+3:     It affects your intelligence (+3).
   Will+:     It increases your willpower.
   rCorr:     It protects you from acid and corrosion.
Missiles
 p - a throwing net (quivered)
Armour
 b - a +0 cloak (worn)
 h - a +0 chain mail (worn)
 q - a +0 pair of boots (worn)
Jewellery
 i - an amulet of regeneration (around neck)
Wands
 n - a wand of light (3)
 o - a wand of roots (8)
Scrolls
 a - a scroll of poison
 c - a scroll of butterflies {unknown}
 e - a scroll of amnesia {unknown}
 j - 5 scrolls of teleportation
 k - a scroll of revelation {unknown}
 s - 2 scrolls of vulnerability {unknown}
Potions
 d - 2 potions of brilliance
 f - 2 potions of enlightenment
 g - a potion of lignification
 t - 2 potions of mutation {unknown}


   Skills:
 * Level 6.0 Fighting
 + Level 9.5(9.6) Axes
 * Level 1.8(6.2) Maces & Flails
 * Level 6.8 Armour
 * Level 4.4 Dodging
 * Level 1.3 Evocations


You had 7 spell levels left.
You didn't know any spells.
Your spell library was empty.

Dungeon Overview and Level Annotations

Branches:
Dungeon (6/15)
 Temple: D:4-7

Altars:
Nemelex Xobeh
Okawaru
Ru

Shops:
D:2 :


Innate Abilities, Weirdness & Mutations

You have a pair of horns on your head.
You reflexively headbutt those who attack you in melee.


Message History

The killer bee attacks as it pursues you!
The killer bee stings you but does no damage.
The killer bee barely misses you. The killer bee stings you.
* * * LOW HITPOINT WARNING * * *
The killer bee stings you but does no damage.
You barely miss the killer bee.
The killer bee is lightly wounded.
The killer bee stings you.
* * * LOW HITPOINT WARNING * * *
You are poisoned.
The killer bee poisons you!
The killer bee stings you but does no damage.
You miss the killer bee.
The killer bee is lightly wounded.
You feel sick. The killer bee barely misses you. The killer bee stings you.
* * * LOW HITPOINT WARNING * * *
You closely miss the killer bee.
The killer bee is lightly wounded.
You feel sick. The killer bee stings you.
* * * LOW HITPOINT WARNING * * *
The killer bee stings you but does no damage.
A red film seems to cover your vision as you go berserk!
You feel yourself moving faster!
You feel mighty!
You feel sick. The killer bee stings you.
* * * LOW HITPOINT WARNING * * *
You are more poisoned.
The killer bee poisons you! The killer bee stings you.
* * * LOW HITPOINT WARNING * * *
You are more poisoned.
The killer bee poisons you!
You sock the killer bee!
The killer bee is almost dead.
* * * LOW HITPOINT WARNING * * *
You feel very sick. The killer bee barely misses you.
The killer bee stings you but does no damage.
You barely miss the killer bee.
The killer bee is almost dead.
You die...

##)## #..#..##
#..... #...#
#..>.## #.....
#...# #.#.## ######
#...# #.#.# #####
##†#.# ### #..#y#
..# #######..#y#
#######.#(..#..#y#
..[.....###.#..#@#
######.........#.##
#.####.#.....#
#.##......#..#
#.#..#.#..#..#
#.#.##.##.#..#
#.#....#.....#
#.#########.##
#...........#


You could see 3 killer bees.

Vanquished Creatures
  Sigmund (D:5)
  A sky beast (D:5)
  An ice beast (D:5)
  2 black bears
  3 phantoms
  Blork the orc (D:5)
  3 scorpions
  A killer bee (D:6)
  2 hounds
  3 jellies (D:5)
  Crazy Yiuf (D:5)
  2 bombardier beetles (D:5)
  A gnoll bouda (D:5)
  An orc priest (D:3)
  Jessica (D:3)
  An iguana (D:6)
  An orc wizard (D:3)
  7 gnolls
  5 adders
  A white imp (D:5)
  3 dart slugs
  A ribbon worm (D:3)
  7 orcs
  7 ball pythons
  2 endoplasms
  3 giant cockroaches
  7 goblins
  11 hobgoblins
  3 kobolds
  4 quokkas
  3 bats
  3 frilled lizards
  5 rats
98 creatures vanquished.

Notes
Turn   | Place    | Note
-------+----------+-------------------------------------------
     0 | D:1      | Doorstop00 the Minotaur Berserker began the quest for the
                  | Orb.
     0 | D:1      | Reached XP level 1. HP: 19/19 MP: 0/0
    92 | D:1      | Reached XP level 2. HP: 27/27 MP: 1/1
   172 | D:1      | Reached skill level 4 in Axes
   699 | D:2      | Reached XP level 3. HP: 22/33 MP: 2/2
   858 | D:2      | Found Hycer's Book Shop.
   870 | D:2      | Reached ** piety under Trog
   875 | D:2      | Reached XP level 4. HP: 41/41 MP: 3/3
  1156 | D:2      | Reached skill level 5 in Axes
  1344 | D:2      | Found a faded altar of an unknown god.
  1505 | D:3      | Noticed a phantom
  1522 | D:3      | Killed a phantom
  1523 | D:3      | Reached XP level 5. HP: 44/47 MP: 4/4
  1525 | D:3      | Found an iron altar of Okawaru.
  1766 | D:3      | Found a sparkling altar of Nemelex Xobeh.
  1829 | D:3      | Noticed Jessica
  1836 | D:3      | Killed Jessica
  1837 | D:3      | Reached skill level 6 in Axes
  1902 | D:3      | Reached XP level 6. HP: 55/55 MP: 5/5
  2300 | D:4      | Reached skill level 5 in Fighting
  2583 | D:4      | Reached skill level 7 in Axes
  2616 | D:4      | Reached XP level 7. HP: 61/61 MP: 6/6
  2702 | D:5      | Entered Level 5 of the Dungeon
  2772 | D:5      | Reached skill level 5 in Armour
  2780 | D:5      | Reached skill level 8 in Axes
  2819 | D:5      | Found a sacrificial altar of Ru.
  2849 | D:5      | Reached *** piety under Trog
  3008 | D:5      | Reached XP level 8. HP: 58/69 MP: 7/7
  3067 | D:5      | Noticed Blork the orc
  3071 | D:5      | Killed Blork the orc
  3090 | D:5      | Found a runed translucent door.
  3091 | D:5      | Noticed Crazy Yiuf
  3097 | D:5      | Killed Crazy Yiuf
  3102 | D:5      | Identified the +7 hammer "Hellblazer" {antimagic, Will+
                  | rCorr Int+3}
  3209 | D:5      | Noticed Sigmund
  3215 | D:5      | Killed Sigmund
  3216 | D:5      | Reached skill level 9 in Axes
  3304 | D:5      | Reached skill level 1 in Maces & Flails
  3309 | D:5      | Reached skill level 1 in Evocations
  3460 | D:5      | HP: 5/105 [killer bee (1)]
  3461 | D:5      | HP: 1/105 [poisoned by a killer bee]
  3462 | D:5      | Succumbed to a killer bee's poison

Illustrated notes

Levels and vault maps discovered:
D:1:      minmay_arrival_shattered_statue, layout_basic
D:2:      layout_loops_cross, serial_shops, shop, ebering_ecumenical_altar_webs
D:3:      layout_loops_ring, okawaru_trees_1,
          mainiacjoe_overflow_six_doors_small, dreamdust_princess_bridge,
          uniq_jessica
D:4:      layout_rooms, grunt_ministairs_4, hangedman_decor_riveting,
          dreamdust_mushroom_princess
D:5:      layout_basic, nicolae_ru_the_path_less_chosen, uniq_blork_the_orc,
          uniq_crazy_yiuf_cottage, uniq_sigmund
D:6:      layout_loops_ring, general_overflow_altar,
          mainiacjoe_overflow_catwalk_spiral, nicolae_yredelemnul_ghost_church,
          marbit_many_paths, minmay_temple_entry_drinking_statues, serial_shops,
          nicolae_shop_rolling_square

Skill      XL: |  1  2  3  4  5  6  7  8 |
---------------+-------------------------+-----
Axes           | 4 5 6 7 8 9 |  9.5
Fighting       | 4 5 6 |  6.0
Armour         | 3 4 5 6 |  6.8
Dodging        | 3 4 |  4.4
Maces & Flails | 1 |  1.8
Evocations     | 1 |  1.3

Action                     |  1- 3 |  4- 6 |  7- 9 || total
---------------------------+-------+-------+-------++-------
  Melee: Hand axe          |    57 |   132 |       ||   189
         Headbutt          |     7 |    16 |    15 ||    38
         War axe           |       |     4 |    65 ||    69
         Mace              |       |       |    31 ||    31
 Invoke: Berserk           |       |     1 |     2 ||     3
  Evoke: Wand              |       |       |     2 ||     2
    Use: Scroll            |     2 |     4 |     1 ||     7
         Potion            |       |     2 |     1 ||     3
   Stab: Invisible         |       |       |     1 ||     1
 Armour: Leather armour    |    32 |     6 |       ||    38
         Animal skin       |     2 |       |       ||     2
         Chain mail        |       |   100 |   123 ||   223
  Dodge: Dodged            |    39 |    48 |    60 ||   147

Table legend: (Time is in decaauts)
 A = Elapsed time spent in this place.
 B = Non-inter-level travel time spent in this place.
 C = Inter-level travel time spent in this place.
 D = Time resting spent in this place.
 E = Time spent auto-exploring this place.
 F = Levels seen in this place.
 G = Mean time per level.
                   A        B        C        D        E       F      G
               +--------+--------+--------+--------+--------+-----+--------+
         Total |   3495 |   3398 |     97 |    220 |   2270 |   6 |  582.5 |
       Dungeon |   3495 |   3398 |     97 |    220 |   2270 |   6 |  582.5 |
               +--------+--------+--------+--------+--------+-----+--------+

Top non-repeatable levels by time:
     D:2: 843 daAuts
     D:3: 764 daAuts
     D:5: 756 daAuts
     D:1: 694 daAuts
     D:4: 412 daAuts
     D:6: 22 daAuts
